 Seeded DCSS version 0.29-a0-378-gc08b2e8bf8 (webtiles) character file.

Game seed: 20220505 (custom seed)

18 joe1234567 the Grave Robber (level 2, -1/19 HPs)
             Began as a Vampire Necromancer on May 5, 2022.
             Was an Initiate of Ashenzari.
             Frozen to death by an endoplasm (3 damage)
             ... on level 2 of the Dungeon.
             The game lasted 00:05:22 (798 turns).

joe1234567 the Grave Robber (Vampire Necromancer)    Turns: 798, Time: 00:05:23

Health: -1/19      AC: 10    Str:  7    XL:     2   Next: 51%
Magic:  0/5        EV: -1    Int: 17    God:    Ashenzari [......]
Gold:   63         SH:  0    Dex: 14    Spells: 4/5 levels left

rFire   . . .      SeeInvis +   c - +0 dagger
rCold   . . .      Faith    .   (no shield)
rNeg    . . .      Spirit   +   g - +0 plate armour
rPois   .          Reflect  .   (no helmet)
rElec   .          Harm     .   (no cloak)
rCorr   .          Rampage  .   (no gloves)
Will    .....                   (no boots)
Stlth   ..........              i - amulet of guardian spirit
HPRegen 0.26/turn               (no ring)
MPRegen 0.09/turn               (no ring)

@: healing quickly
A: alive, fangs 3, see invisible, vampiric 1
a: Exsanguinate, Renounce Religion, Curse Item


You were on level 2 of the Dungeon.
You worshipped Ashenzari.
Ashenzari was noncommittal.
You visited 1 branch of the dungeon, and saw 2 of its levels.

You collected 63 gold pieces.

Inventory:

Hand Weapons
 c - a +0 dagger (weapon)
Armour
 a - a +0 robe
 g - a +0 plate armour (worn)
Jewellery
 i - an amulet of guardian spirit (around neck)
Scrolls
 d - a scroll of enchant weapon {unknown}
Potions
 e - a potion of heal wounds {unknown}
 h - a potion of degeneration {unknown}


   Skills:
 + Level 0.1 Armour
 + Level 2.2 Dodging
 + Level 3.0 Stealth
 + Level 2.1 Spellcasting
 + Level 5.1 Necromancy


You had 4 spell levels left.
You knew the following spells:

 Your Spells              Type           Power      Damage    Failure   Level
a - Pain                  Necr           76%        1d7       100%        1

Your spell library contained the following spells:

 Spells                   Type           Power      Damage    Failure   Level
 Animate Skeleton         Necr           38%        N/A       100%        1
 Vampiric Draining        Necr           19%        2d7       100%        3
 Animate Dead             Necr           9%         N/A       100%        4
 Agony                    Necr           19%        N/A       100%        5


Dungeon Overview and Level Annotations

Branches:
Dungeon (2/15)

Altars:
Ashenzari


Innate Abilities, Weirdness & Mutations

Your natural rate of healing is accelerated.
You have razor-sharp teeth.
You have supernaturally acute eyesight. (SInv)
You are afflicted with vampirism.


Message History

The endoplasm is heavily wounded.
The rat bites you but does no damage. The endoplasm hits you.
The endoplasm hits you but does no damage.
You hit the endoplasm but do no damage.
The endoplasm is heavily wounded.
The rat bites you but does no damage. The endoplasm hits you.
The endoplasm freezes you.
You are frozen.
* * * LOW HITPOINT WARNING * * *
You hit the rat.
You kill the rat!
The endoplasm hits you but does no damage. x2
The endoplasm attacks as you move away!
The endoplasm hits you but does no damage.
The endoplasm freezes you.
You are frozen.
* * * LOW HITPOINT WARNING * * *
You are too injured to fight recklessly!
As you read the scroll of fog, it crumbles to dust.
The scroll dissolves into smoke.
The endoplasm hits you but does no damage. x2
The endoplasm attacks as you move away!
The endoplasm hits you but does no damage.
The endoplasm attacks as you move away!
The endoplasm hits you but does no damage.
The endoplasm attacks as you move away!
The endoplasm hits you but does no damage.
You hit the endoplasm.
The endoplasm is lightly wounded.
The endoplasm freezes you.
You are frozen.
* * * LOW HITPOINT WARNING * * *
You hit the endoplasm.
The endoplasm is almost dead.
The endoplasm hits you but does no damage.
You hit the endoplasm but do no damage.
The endoplasm is almost dead.
The endoplasm freezes you.
You are frozen.
You die...

(.....#J#
#.# ....>
#§# #.#
.... #§#
#.# ... #§#
# #.# +# #
#§#.# #.#
#.##.#.###
#.#
#...J§...#
#.#
####J#####
#.#
..#####@#
#.#
.......>#
#.#
#.#####.#
#.#
#.#######.#
#.........#
###########


You could see 2 endoplasms.

Vanquished Creatures
  A dart slug (D:1)
  2 bats (D:1)
  2 endoplasms (D:1)
  3 goblins (D:1)
  4 ball pythons (D:1)
  5 rats
17 creatures vanquished.

Vanquished Creatures (others)
  3 fungi (D:1)
  2 plants (D:1)
5 creatures vanquished.

Grand Total: 22 creatures vanquished

Notes
Turn   | Place    | Note
-------+----------+-------------------------------------------
     0 | D:1      | joe1234567 the Vampire Necromancer began the quest for the
                  | Orb.
     0 | D:1      | Reached XP level 1. HP: 13/13 MP: 3/3
   227 | D:1      | Found a faded altar of an unknown god.
   233 | D:1      | Prayed at the altar of an unknown god.
   233 | D:1      | Became a worshipper of Ashenzari the Shackled
   247 | D:1      | Reached XP level 2. HP: 17/19 MP: 1/5
   511 | D:1      | Reached skill level 5 in Necromancy
   798 | D:2      | Frozen to death by an endoplasm

Illustrated notes

Levels and vault maps discovered:
D:1:      erik_arrival_triangle_small, layout_rooms,
          shapermc_ecumenical_altar_mp_urbaneastern
D:2:      layout_basic, serial_shops, shop, shop, shop, nicolae_shop_stone

Skill      XL: |  1  2 |
---------------+-------+-----
Necromancy     | 5 |  5.1
Armour         | |  0.1
Dodging        | |  2.2
Stealth        | |  3.0
Spellcasting   | |  2.1

Action                   || total
-------------------------++-------
Melee: Dagger            ||    58
       Bite              ||    11
       Punch             ||     3
 Cast: Pain              ||    12
  Use: Scroll            ||     2
       Potion            ||     1
 Stab: Sleeping          ||     1
Armor: Robe              ||     3
       Plate armour      ||    86
Dodge: Dodged            ||    31

Table legend: (Time is in decaauts)
 A = Elapsed time spent in this place.
 B = Non-inter-level travel time spent in this place.
 C = Inter-level travel time spent in this place.
 D = Time resting spent in this place.
 E = Time spent auto-exploring this place.
 F = Levels seen in this place.
 G = Mean time per level.
                   A        B        C        D        E       F      G
               +--------+--------+--------+--------+--------+-----+--------+
         Total |    797 |    797 |      0 |      0 |      0 |   2 |  398.5 |
       Dungeon |    797 |    797 |      0 |      0 |      0 |   2 |  398.5 |
               +--------+--------+--------+--------+--------+-----+--------+

Top non-repeatable levels by time:
     D:1: 728 daAuts
     D:2: 68 daAuts
